 Dungeon Crawl Stone Soup version 0.19.1-1-g22dce08 (webtiles) character file.

1390 McKennaii the Gusty (level 8, -3/48 HPs)
             Began as a High Elf Air Elementalist on Jan 7, 2017.
             Slain by Duvessa
             ... wielding a +0 rapier
              (6 damage)
             ... on level 6 of the Dungeon.
             The game lasted 00:26:49 (4659 turns).

McKennaii the Gusty (High Elf Air Elementalist)     Turns: 4659, Time: 00:26:50

Health: -3/48      AC:  8    Str:  7    XL:     8   Next: 40%
Magic:  22/37      EV: 14    Int: 22    God:
Gold:   161        SH:  0    Dex: 15    Spells: 5 memorised, 7 levels left

rFire  . . .     SeeInvis +     y - +8 glaive of the Guard {elec, +Rage AC+5 SInv}
rCold  . . .     Gourm    .     a - +0 robe
rNeg   . . .     Faith    .     (shield currently unavailable)
rPois  .         Spirit   .     B - +1 hat {SInv}
rElec  .         Reflect  .     (no cloak)
rCorr  .         Harm     .     (no gloves)
MR     .....                    (no boots)
Stlth  ++........               h - amulet of regeneration
                                x - ring of magical power
                                C - ring of magical power

@: flying
A: no striking features
a: Evoke Berserk Rage


You were on level 6 of the Dungeon.
You were not hungry.

You visited 2 branches of the dungeon, and saw 8 of its levels.

You collected 161 gold pieces.

Inventory:

Hand Weapons
 y - the +8 glaive of the Guard (weapon) {elec, +Rage AC+5 SInv}
   (You found it on level 6 of the Dungeon)

   Occasionally, upon striking a foe, it will discharge some electrical energy
   and cause terrible harm.
   It affects your AC (+5).
   It lets you see invisible.
   It lets you go berserk.
Armour
 a - a +0 robe (worn)
 B - a +1 hat of see invisible (worn)
Jewellery
 h - an amulet of regeneration (around neck)
 l - a +2 ring of dexterity
 x - a ring of magical power (right hand)
 A - an uncursed ring of poison resistance
 C - a ring of magical power (left hand)
Scrolls
 d - 3 scrolls of magic mapping {unknown}
 e - 2 scrolls of teleportation {unknown}
 g - 5 scrolls of identify {unknown}
 k - a scroll of fear {unknown}
 m - 3 scrolls of enchant armour {unknown}
 o - 3 scrolls of remove curse {unknown}
 r - a scroll of random uselessness {unknown}
 t - a scroll of enchant weapon {unknown}
 u - 2 scrolls of noise {unknown}
Potions
 f - a potion of heal wounds {unknown}
 j - a potion of lignification {unknown}
 n - 2 potions of flight
 p - a potion of cure mutation {unknown}
 q - a potion of haste {unknown}
 s - a potion of might {unknown}
 w - 2 potions of resistance {unknown}
 z - a potion of ambrosia {unknown}
 D - a potion of curing {unknown}
Books
 b - a book of Air

   Spells                             Type                      Level
   a - Shock                          Conjuration/Air              1
   b - Swiftness                      Charms/Air                   2
   c - Repel Missiles                 Charms/Air                   2
   d - Static Discharge               Conjuration/Air              3
   e - Lightning Bolt                 Conjuration/Air              5
Comestibles
 c - 3 bread rations
 i - a meat ration
 v - a beef jerky
 E - 4 fruits


   Skills:
 + Level 1.1 Fighting
 + Level 4.0 Dodging
 + Level 3.0 Stealth
 + Level 0.5 Unarmed Combat
 + Level 6.7 Spellcasting
 + Level 5.5 Conjurations
 + Level 0.2 Charms
 + Level 7.6 Air Magic


You had 7 spell levels left.
You knew the following spells:

 Your Spells              Type           Power        Failure   Level  Hunger
a - Shock                 Conj/Air       ####         1%          1    None
b - Swiftness             Chrm/Air       ###.....     2%          2    None
c - Repel Missiles        Chrm/Air       ###...       2%          2    None
d - Static Discharge      Conj/Air       #####...     1%          3    #......
e - Lightning Bolt        Conj/Air       #####.....   17%         5    #####..


Dungeon Overview and Level Annotations

Branches:
Dungeon (7/15)             Temple (1/1) D:4

Altars:
Ashenzari
Dithmenos
Fedhas
Gozag
Hepliaklqana
Makhleb
Nemelex Xobeh
Okawaru
Qazlal
Ru
Trog
Vehumet
Xom
Zin
The Shining One
Lugonu

Shops:
D:4 =   D:5 *   D:6 (

Annotations:
D:6 Duvessa


Message History

The zap hits Duvessa.
Duvessa is heavily wounded.
The zap hits Duvessa.
Duvessa is heavily wounded.
The zap hits the sky beast.
The sky beast completely resists.
Duvessa hits you with a rapier!
* * * LOW HITPOINT WARNING * * *
Duvessa hits you but does no damage.
It was a potion of flight.
You feel very buoyant.
You fly up into the air.
Duvessa closely misses you.
Duvessa rages.
Duvessa barely misses you.
The sky beast flickers out of sight for a moment.
Duvessa misses you. Duvessa hits you with a rapier.
* * * LOW HITPOINT WARNING * * *
A quokka skeleton comes into view.
Duvessa is no longer berserk.
Duvessa hits you with a rapier.
You die...

#.........##..............#_....[
#...............####.#..#.≈≈≈..PP
#.........###.#...##.##..§§§.....
#.........#...###....####.......#
#...........####......##..#####.#
#<.........#####......##..### #..
#..........##.........##....###..
#.............###.....##....##...
###########...Ye@....(...........
#......#####Z.....)....#....
#......# #.....##....#....
#......## #..>.(##....#....
#.......####.....#.....#....
#.......((.)...........##...
#......##########..###......
######## #..## ###.... ##.##
#....


You could see Duvessa, a sky beast (invisible) and a quokka skeleton.

Vanquished Creatures
  Eustachio (D:3)
  Edmund (D:5)
  A phantom (D:4)
  An ogre (D:5)
  A centaur (D:6)
  A bullfrog (D:6)
  2 scorpions
  Dowan (D:6)
  3 crimson imps
  2 orc priests
  A hound (D:4)
  4 orc wizards
  A bullfrog skeleton (D:4)
  A centaur skeleton (D:6)
  Natasha (thrice) (D:4)
  A worker ant (D:7)
  A worker ant zombie (D:5)
  4 gnolls (D:4)
  9 adders
  An adder skeleton (D:4)
  3 worms
  6 leopard geckos
  16 orcs
  7 bats
  3 giant cockroaches
  5 goblins
  6 hobgoblins
  2 jackals (D:6)
  A quokka (D:3)
  2 frilled lizards (D:4)
  4 kobolds (D:1)
  A leopard gecko skeleton (D:4)
  12 rats
  A bush (D:6)
109 creatures vanquished.

Notes
Turn   | Place    | Note
-------+----------+-------------------------------------------
     0 | D:1      | McKennaii the High Elf Air Elementalist began the quest for the Orb.
     0 | D:1      | Reached XP level 1. HP: 11/11 MP: 4/4
   344 | D:1      | Reached XP level 2. HP: 17/17 MP: 3/6
   348 | D:1      | Learned a level 2 spell: Swiftness
   351 | D:1      | Learned a level 2 spell: Repel Missiles
   486 | D:1      | Reached skill level 4 in Air Magic
   622 | D:1      | Reached XP level 3. HP: 21/21 MP: 6/8
   948 | D:2      | Found a faded altar of an unknown god.
   993 | D:2      | Found a glowing silver altar of Zin.
  1499 | D:3      | Reached XP level 4. HP: 27/27 MP: 5/9
  1615 | D:3      | Found a bloodstained altar of Trog.
  1707 | D:3      | Found a sparkling altar of Nemelex Xobeh.
  1935 | D:4      | Found an opulent altar of Gozag.
  1985 | D:4      | Reached XP level 5. HP: 11/31 MP: 0/11
  2109 | D:4      | Noticed a phantom
  2214 | D:4      | Found Cudopp's Jewellery Emporium.
  2219 | D:4      | Found a shimmering altar of Xom.
  2296 | D:4      | Killed a phantom
  2296 | D:4      | Reached skill level 5 in Air Magic
  2312 | D:4      | Found a sacrificial altar of Ru.
  2381 | D:4      | Noticed Natasha
  2387 | D:4      | Killed Natasha
  2395 | D:4      | Reached XP level 6. HP: 36/36 MP: 4/13
  2581 | D:4      | Noticed Natasha
  2585 | D:4      | Killed Natasha
  2595 | D:4      | Noticed Eustachio
  2751 | D:4      | Found a staircase to the Ecumenical Temple.
  2778 | D:4      | Noticed Natasha
  2785 | D:3      | Killed Eustachio
  2785 | D:3      | Reached skill level 5 in Spellcasting
  2785 | D:3      | Reached XP level 7. HP: 25/42 MP: 3/15
  2937 | D:4      | Killed Natasha
  2937 | D:4      | Reached skill level 6 in Air Magic
  3110 | Temple   | Entered the Ecumenical Temple
  3240 | D:5      | Entered Level 5 of the Dungeon
  3281 | D:5      | Found Cazxoegi's Elemental Accessories.
  3289 | D:5      | Reached skill level 1 in Fighting
  4011 | D:6      | Reached skill level 5 in Conjurations
  4108 | D:6      | Reached skill level 7 in Air Magic
  4108 | D:6      | Reached XP level 8. HP: 48/48 MP: 11/17
  4186 | D:6      | Found a stormy altar of Qazlal.
  4190 | D:6      | Noticed Edmund
  4194 | D:6      | Found a blossoming altar of Fedhas.
  4261 | D:5      | Killed Edmund
  4320 | D:6      | Found a shadowy altar of Dithmenos.
  4411 | D:6      | Found Houtuah's Antique Weapon Emporium.
  4481 | D:6      | Noticed Duvessa
  4481 | D:6      | Noticed Dowan
  4610 | D:6      | Learned a level 3 spell: Static Discharge
  4616 | D:6      | Learned a level 5 spell: Lightning Bolt
  4634 | D:6      | Killed Dowan
  4657 | D:6      | HP: 2/48 [Duvessa/rapier (6)]
  4659 | D:6      | Slain by Duvessa

Skill      XL: |  1  2  3  4  5  6  7  8 |
---------------+-------------------------+-----
Air Magic      | 4 5 7 |  7.6
Spellcasting   | 3 4 5 6 |  6.7
Conjurations   | 2 3 4 5 |  5.5
Dodging        | 3 4 |  4.0
Fighting       | 1 |  1.1
Stealth        | 3 |  3.0
Unarmed Combat | |  0.5
Charms         | |  0.2

Action                   |  1- 3 |  4- 6 |  7- 9 || total
-------------------------+-------+-------+-------++-------
Melee: Unarmed           |    22 |    10 |     1 ||    33
       Glaive            |       |       |    10 ||    10
 Cast: Shock             |    67 |   108 |   123 ||   298
       Repel Missiles    |       |       |     3 ||     3
  Use: Potion            |       |       |     1 ||     1
  Eat: Pizza             |       |     2 |       ||     2
       Beef jerky        |       |     1 |     2 ||     3
       Meat ration       |       |     1 |       ||     1
Armor: Robe              |     8 |     9 |     5 ||    22
Dodge: Dodged            |    30 |    46 |    27 ||   103
       Deflected         |       |       |     4 ||     4
